 Dungeon Crawl Stone Soup version 0.30-b1-2-g02819fbbbe (webtiles) character file.

Game seed: 3715615509292704794

1 Alarkh the Vexing (level 1, -3/15 HPs)
             Began as a Demonspawn Hexslinger on July 7, 2023.
             Slain by a gnoll
             ... wielding a +0 spear
              (6 damage)
             ... on level 1 of the Dungeon.
             The game lasted 00:00:15 (118 turns).

Alarkh the Vexing (Demonspawn Hexslinger)            Turns: 118, Time: 00:00:16

Health: -3/15      AC:  2    Str: 10    XL:     1   Next: 16%
Magic:  1/2        EV: 12    Int: 14    God:
Gold:   14         SH:  0    Dex: 13    Spells: 1/2 levels left

rFire   . . .        a - +1 sling
rCold   . . .        (no shield)
rNeg    . . .        c - +0 robe
rPois   .            (no helmet)
rElec   .            (no cloak)
rCorr   .            (no gloves)
SInv    .            (no boots)
Will    .....        (no amulet)
Stlth   +            (no ring)
HPRegen 0.22/turn    (no ring)
MPRegen 0.08/turn

%: no passive effects
@: no status effects
A: no striking features
a: no special abilities


You were on level 1 of the Dungeon.
You visited 1 branch of the dungeon, and saw 1 of its levels.

You collected 14 gold pieces.

Inventory:

Hand Weapons
 a - a +1 sling (weapon)
Armour
 c - a +0 robe (worn)
Potions
 d - a potion of curing {unknown}


   Skills:
 - Level 1.0 Fighting
 + Level 1.9 Ranged Weapons
 - Level 1.7 Dodging
 - Level 1.0 Spellcasting
 - Level 3.0 Hexes


You had one spell level left.
You knew the following spells:

 Your Spells              Type           Power      Damage    Failure   Level
a - Slow                  Hex            36%        N/A       8%          1

Your spell library contained the following spells:

 Spells                   Type           Power      Damage    Failure   Level
 Inner Flame              Hex/Fire       4%         N/A       38%         3
 Portal Projectile        Hex/Tloc       8%         N/A       38%         3
 Cause Fear               Hex            4%         N/A       58%         4


Dungeon Overview and Level Annotations

Branches:
Dungeon (1/15)

Altars:


Message History

* * * LOW HITPOINT WARNING * * *
You shoot a sling bullet. The sling bullet hits the endoplasm.
You kill the endoplasm!
You now have 14 gold pieces (gained 2).
You start resting.
HP restored.
Found a stone staircase leading down.
A gnoll comes into view. It is wielding a +0 spear.
Found 12 gold pieces.
A gnoll is nearby!
You shoot a sling bullet. The sling bullet hits the gnoll.
The gnoll shouts!
The gnoll is moderately wounded.
You shoot a sling bullet.
The sling bullet barely misses the gnoll.
You shoot a sling bullet.
The sling bullet barely misses the gnoll.
The gnoll hits you from afar with a +0 spear.
You shoot a sling bullet.
The sling bullet barely misses the gnoll.
The gnoll closely misses you.
You shoot a sling bullet. The sling bullet hits the gnoll.
The gnoll is heavily wounded.
The gnoll hits you from afar with a +0 spear.
The gnoll hits you from afar with a +0 spear!
* * * LOW HITPOINT WARNING * * *
You are too injured to fight recklessly!
You are too injured to fight recklessly!
Okay, then.
The gnoll barely misses you.
Really read the scroll of poison?
The air fills with toxic fumes!
As you read the scroll of poison, it crumbles to dust.
The gnoll barely misses you.
Aiming: Slow (safe; 8% risk of failure)
Press: ? - help, Q - select action, (/) - cycle Shift-Dir - straight line, f/p - gnoll
Aim: a gnoll, wielding a +0 spear (heavily wounded, chance to affect: 51%)
The gnoll resists with significant effort.
The gnoll hits you from afar with a +0 spear.
You die...

.#..... .......~.#≈≈≈§≈..≈
..§§§.. §§§§§§§§§#≈≈§≈§§§≈
#§§§.$ §§§#§§§§§#...§.§..
.#§§§§.##§§§§§§§§######''#
..§§§§§ §§§§§§§§§#~~~~~..~
..§§§§§##§§§§§§§§#~.......
..§§§§§g§§§§§§§§§#~.######
..§§§§§§§§§§§§§§§#~.......
.......##@§§#..~8#~~~~~..~
....... #§§§#..~.######''#
....#.. #§§§§§§~..8..8....
... #..##§§§#§§§§~~~~~~..~
.. ....§§§§§.§§§.........
. .....§§§§§#.###########
.....§§§§§§.# #
...§§§#§§§§# #
##.##.#.##.# #


You could see a gnoll.

Vanquished Creatures
  An endoplasm (D:1)
1 creature vanquished.

Notes
Turn   | Place    | Note
-------+----------+-------------------------------------------
     0 | D:1      | Alarkh the Demonspawn Hexslinger began the quest for the
                  | Orb.
     0 | D:1      | Reached XP level 1. HP: 15/15 MP: 2/2
   118 | D:1      | Slain by a gnoll

Illustrated notes

Levels and vault maps discovered:
D:1:      lightli_arrival_isolated_outpost, layout_basic

Action                     || total
---------------------------++-------
   Fire: Sling             ||    10
   Cast: Slow              ||     1
    Use: Scroll            ||     1
  Dodge: Dodged            ||     4
